 Dungeon Crawl Stone Soup version 0.28-a0-1493-g08698888e4 (webtiles) character file.

Game seed: 15297381929678504875

33 croobank the Chopper (level 3, -2/33 HPs)
             Began as a Minotaur Berserker on Jan 13, 2022.
             Was a Believer of Fedhas.
             Slain by a polar bear (9 damage)
             ... created by the rage of Trog
             ... on level 2 of the Dungeon.
             The game lasted 00:04:16 (1166 turns).

croobank the Chopper (Minotaur Berserker)           Turns: 1166, Time: 00:04:17

Health: -2/33      AC:  3    Str: 21    XL:     3   Next: 12%
Magic:  2/2        EV: 12    Int:  4    God:    Fedhas [**....]
Gold:   32         SH:  0    Dex: 11    Spells: 2/2 levels left

rFire   . . .      SeeInvis .   i - +0 dagger (venom)
rCold   . . .      Faith    .   (no shield)
rNeg    . . .      Spirit   .   f - +0 leather armour
rPois   .          Reflect  .   (helmet restricted)
rElec   .          Harm     .   (no cloak)
rCorr   .          Rampage  .   (no gloves)
Will    .....                   (no boots)
Stlth   +.........              (no amulet)
HPRegen 0.11/turn               (no ring)
MPRegen 0.08/turn               (no ring)

@: slowed, very slow
A: horns 2, retaliatory headbutt
a: Renounce Religion, Wall of Briars


You were on level 2 of the Dungeon.
You worshipped Fedhas.
Fedhas was pleased with you.
You visited 1 branch of the dungeon, and saw 2 of its levels.

You collected 32 gold pieces.

Inventory:

Hand Weapons
 a - a +0 hand axe
 i - a +0 dagger of venom (weapon)
Missiles
 k - 86 stones (quivered)
 l - 12 bolts
Armour
 b - a +0 animal skin
 f - a +0 leather armour (worn)
Scrolls
 d - a scroll of identify {unknown}
 g - a scroll of enchant armour {unknown}
 j - a scroll of immolation {unknown}
 m - a scroll of vulnerability {unknown}
Potions
 c - a potion of might {unknown}
 e - a potion of heal wounds {unknown}
 h - a potion of degeneration {unknown}


   Skills:
 + Level 4.0 Fighting
 + Level 4.1 Axes
 + Level 3.1 Armour
 + Level 2.6 Dodging


You had 2 spell levels left.
You didn't know any spells.
Your spell library was empty.

Dungeon Overview and Level Annotations

Branches:
Dungeon (2/15)

Altars:
Fedhas


Innate Abilities, Weirdness & Mutations

You have a pair of horns on your head.
You reflexively headbutt those who attack you in melee.


Message History

You hit the jackal.
The jackal is almost dead.
The jackal bites you but does no damage.
The jackal misses you. The jackal closely misses you. You furiously retaliate!
You headbutt the jackal. You hit the jackal.
You kill the jackal!
Fedhas appreciates your contribution to the ecosystem.
The jackal bites you. The jackal completely misses you. The jackal bites you.
The jackal misses you. The jackal closely misses you. x2
You furiously retaliate!
You headbutt the jackal.
You kill the jackal!
Fedhas appreciates your contribution to the ecosystem.
You see here a jackal corpse.
You hit the jackal.
The jackal is poisoned.
You headbutt the jackal.
You kill the jackal!
Fedhas appreciates your contribution to the ecosystem.
m - a scroll labelled NYECY SEVUYZIU HP restored.
Found a dagger.
Found a stone staircase leading up.
Found a stone staircase leading down.
An adder comes into view.
The adder hisses angrily.
Trog sends monsters to punish you.
The divine experience drains your vigour!
You feel yourself slow down. 4 polar bears come into view.
Okay, then.
The polar bear barely misses you.
The polar bear claws you but does no damage. x2
The polar bear rages.
The polar bear bites you!!
Ouch! That really hurt!
* * * LOW HITPOINT WARNING * * *
The polar bear closely misses you.
The polar bear claws you but does no damage.
The polar bear bites you!
You die...
Fedhas appreciates your contribution to the ecosystem.

############## ###########
#......h##...###........#.
#......hh@....##........#.
#......S.h....##........#.
#.............##........#.
#...##.......###..........
.... #....................
... #....................
.. +.................>..
#......#....#.......#
##########.##.......#


You could see 4 polar bears and an adder.

Vanquished Creatures
  A ball python (D:1)
  3 bats (D:1)
  5 endoplasms (D:1)
  2 giant cockroaches (D:1)
  3 goblins (D:1)
  A hobgoblin (D:1)
  4 jackals (D:2)
  A quokka (D:1)
  3 frilled lizards (D:1)
  4 kobolds (D:1)
  2 rats (D:1)
29 creatures vanquished.

Notes
Turn   | Place    | Note
-------+----------+-------------------------------------------
     0 | D:1      | croobank the Minotaur Berserker began the quest for the
                  | Orb.
     0 | D:1      | Reached XP level 1. HP: 19/19 MP: 0/0
    22 | D:1      | Found a faded altar of an unknown god.
   168 | D:1      | Prayed at the altar of an unknown god.
   168 | D:1      | Fell from the grace of Trog
   168 | D:1      | Became a worshipper of Fedhas Madash
   168 | D:1      | Reached * piety under Fedhas
   299 | D:1      | Reached XP level 2. HP: 27/27 MP: 1/1
   683 | D:1      | Reached ** piety under Fedhas
   698 | D:1      | Paralysed by Trog for 2 turns
  1071 | D:2      | Reached XP level 3. HP: 33/33 MP: 2/2
  1165 | D:2      | Noticed a polar bear
  1165 | D:2      | Noticed a polar bear
  1165 | D:2      | Noticed a polar bear
  1165 | D:2      | Noticed a polar bear
  1166 | D:2      | Slain by a polar bear

Illustrated notes

Levels and vault maps discovered:
D:1:      shiori_arrival_elements, layout_basic, basic_ecumenical_altar
D:2:      minmay_razor_zed, layout_basic, basic_altar

Skill      XL: |  1  2 |
---------------+-------+-----
Fighting       | 4 |  4.0
Axes           | 4 |  4.1
Armour         | 3 |  3.1
Dodging        | |  2.6

Action                   || total
-------------------------++-------
Melee: Hand axe          ||    25
       Headbutt          ||     9
       Dagger            ||    26
       Punch             ||     1
Armor: Leather armour    ||    14
Dodge: Dodged            ||    40

Table legend: (Time is in decaauts)
 A = Elapsed time spent in this place.
 B = Non-inter-level travel time spent in this place.
 C = Inter-level travel time spent in this place.
 D = Time resting spent in this place.
 E = Time spent auto-exploring this place.
 F = Levels seen in this place.
 G = Mean time per level.
                   A        B        C        D        E       F      G
               +--------+--------+--------+--------+--------+-----+--------+
         Total |   1168 |   1161 |      7 |    276 |    634 |   2 |  584.0 |
       Dungeon |   1168 |   1161 |      7 |    276 |    634 |   2 |  584.0 |
               +--------+--------+--------+--------+--------+-----+--------+

Top non-repeatable levels by time:
     D:1: 1022 daAuts
     D:2: 146 daAuts
